 Dungeon Crawl Stone Soup version 0.17-a0-1403-g9df874c (webtiles) character file.

114 urechis the Spear-Bearer (level 4, -2/33 HPs)
             Began as a Merfolk Gladiator on June 20, 2015.
             Slain by urechis's ghost (13 damage)
             ... on level 3 of the Dungeon.
             The game lasted 00:04:18 (1404 turns).

urechis the Spear-Bearer (Merfolk Gladiator)        Turns: 1404, Time: 00:04:18

Health: -2/33      AC:  4    Str: 15    XL:     4   Next: 98%
Magic:  4/4        EV: 17    Int:  7    God:
Gold:   40         SH:  0    Dex: 15    Spells: 0 memorised, 3 levels left

rFire  . . .     SeeInvis .     a - +0 trident
rCold  . . .     Clarity  .     b - +0 leather armour
rNeg   . . .     SustAt   +     (no shield)
rPois  .         Gourm    .     c - +0 helmet
rElec  .         Spirit   .     (no cloak)
rCorr  .         Warding  .     (no gloves)
rMut   .         Stasis   .     (boots currently unavailable)
MR     .....                    (no amulet)
Stlth  ++........               (no ring)
                                g - ring of sustain attributes

@: very quick, not resistant to hostile enchantments, unstealthy
A: change form in water, swift swim
a: no special abilities


You were on level 3 of the Dungeon.
You were not hungry.

You visited 1 branch of the dungeon, and saw 3 of its levels.

You collected 40 gold pieces.

Inventory:

Hand weapons
 a - a +0 trident (weapon)
Missiles
 e - 3 throwing nets (quivered)
Armour
 b - a +0 leather armour (worn)
 c - a +0 helmet (worn)
Jewellery
 g - a ring of sustain attributes (left hand)
Scrolls
 h - a scroll of blinking {unknown}
 i - a scroll of noise {unknown}
 k - a scroll of enchant armour {unknown}
 n - a scroll of magic mapping {unknown}
 o - a scroll of amnesia {unknown}
 p - 2 scrolls of random uselessness {unknown}
 q - a scroll of teleportation {unknown}
Potions
 f - a potion of curing {unknown}
 j - a potion of heal wounds {unknown}
 l - 2 potions of brilliance {unknown}
 s - a potion of agility {unknown}
 t - a potion of cancellation {unknown}
Comestibles
 d - a bread ration
 m - 3 meat rations
 r - 3 chunks of flesh


   Skills:
 - Level 2.1 Fighting
 + Level 8.0 Polearms
 - Level 2.0 Throwing
 - Level 4.0 Dodging


You had 3 spell levels left.
You didn't know any spells.

Dungeon Overview and Level Annotations

Branches:
Dungeon (3/15)

Altars:
Ashenzari
Makhleb

Annotations:
D:3 urechis's ghost, average MfGl


Message History

You see here 23 stones.
s - a murky amethyst potion
t - a murky pink potion Urechis's ghost (average Merfolk Gladiator) comes into view.
Urechis's ghost turns its malevolent gaze towards you.
Urechis's ghost is too close now for your liking.
A kobold comes into view.
Attack whom?
Press: ? - help, Dir - move target cursor, f - urechis's ghost
Aim: urechis's ghost You reach to attack!
You closely miss urechis's ghost. You closely miss urechis's ghost.
Urechis's ghost hits you!
You hit urechis's ghost.
Urechis's ghost is lightly damaged.
Urechis's ghost hits you!
Your legs become a tail as you enter the water.
You hit urechis's ghost. You tail-slap urechis's ghost.
Urechis's ghost is moderately damaged.
Urechis's ghost hits you!
You die...

♣)(P.PP......♣.
....♣♣.8.⌠.8...♣
♣..♣P.........P.
♣P.♣.♣...8P.P♣♣. ♣.
.♣..P.♣♣♣P.♣♣♣P.♣.
♣PP..♣.P..♣..♣...
♣♣♣.♣♣♣.♣♣.♣P♣§§♣ ♣
P..♣P♣....♣♣♣♣§♣♣♣♣.♣
♣.P##..♣♣♣PP.♣§§@PP.♣♣.♣♣
♣♣# ##♣.♣♣...P♣♣W.......♣
.####.W....#......#...###
......############# #....
.....## ... ..... ..
..... ..... .....


You could see urechis's ghost.

Vanquished Creatures
  A crimson imp (D:2)
  An adder (D:2)
  2 river rats (D:3)
  A giant gecko (D:1)
  8 giant cockroaches
  4 goblins
  6 hobgoblins
  11 kobolds
  A quokka (D:3)
  2 ball pythons
  6 bats
  A giant newt (D:2)
  10 rats
54 creatures vanquished.

Notes
Turn   | Place    | Note
--------------------------------------------------------------
     0 | D:1      | urechis the Merfolk Gladiator began the quest for the Orb.
     0 | D:1      | Reached XP level 1. HP: 16/16 MP: 1/1
    87 | D:1      | Reached skill level 5 in Polearms
   141 | D:1      | Reached XP level 2. HP: 20/22 MP: 2/2
   268 | D:1      | Found a shattered altar of Ashenzari.
   612 | D:1      | Reached skill level 6 in Polearms
   612 | D:1      | Reached XP level 3. HP: 27/27 MP: 3/3
  1192 | D:2      | Found a burning altar of Makhleb.
  1197 | D:2      | Reached skill level 7 in Polearms
  1197 | D:2      | Reached XP level 4. HP: 33/33 MP: 4/4
  1348 | D:3      | Reached skill level 8 in Polearms
  1380 | D:3      | Noticed urechis's ghost (average MfGl)
  1404 | D:3      | Slain by urechis's ghost

Vault maps used:
D:1:      evilmike_arrival_hilbert_curve, evilmike_ruin_ashenzari
D:2:      makhleb_grotto_becter, minmay_misc_feat_alley, hex_large
D:3:      wad_woods_tower, nicolae_overflow_crystal_walls

Action                   |  1- 3 |  4- 6 || total
-------------------------+-------+-------++-------
Melee: Trident           |   109 |    45 ||   154
 Stab: Sleeping          |     9 |     1 ||    10
  Eat: Chunk             |       |     2 ||     2
